 Dungeon Crawl Stone Soup version 0.32-a0-640-gc5db3fc80f (webtiles) character file.

Game seed: 1025708922904927256

1671 Dreamthief the Slasher (level 8, 0/68 HPs)
             Began as a Demigod Brigand on Mar 7, 2024.
             Succumbed to a water moccasin's poison
             ... in the Ecumenical Temple.
             The game lasted 00:07:20 (4986 turns).

Dreamthief the Slasher (Demigod Brigand)            Turns: 4986, Time: 00:07:20

Health: 0/68       AC: 13    Str: 16    XL:     8   Next: 42%
Magic:  3/10       EV:  7    Int: 13    God:
Gold:   122        SH:  0    Dex: 19    Spells: 5/7 levels left

rFire   . . .        h - +1 short sword (venom)
rCold   . . .        (no shield)
rNeg    . . .        l - +0 chain mail
rPois   .            (no helmet)
rElec   .            c - +0 cloak
rCorr   .            (no gloves)
SInv    .            (no boots)
Will    .....        G - amulet of guardian spirit
Stlth   +            s - +4 ring of protection
HPRegen 0.31/turn    (no ring)
MPRegen 0.12/turn

%: guardian spirit
@: lethally poisoned (0 -> -2), attractive
A: high MP 1, forlorn, divine attributes
a: no special abilities


You were in the Ecumenical Temple.
You visited 2 branches of the dungeon, and saw 7 of its levels.

You collected 278 gold pieces.
You spent 156 gold pieces at shops.

Inventory:

Hand Weapons
 a - a +2 dagger
 h - a +1 short sword of venom (weapon)
Missiles
 d - 11 poisoned darts (quivered)
 e - 3 curare-tipped darts
 F - 6 datura-tipped darts
Armour
 b - a +0 robe
 c - a +0 cloak (worn)
 l - a +0 chain mail (worn)
Jewellery
 s - a +4 ring of protection (left hand)
 G - an amulet of guardian spirit (around neck)
Wands
 y - a wand of polymorph (10)
Scrolls
 f - 4 scrolls of immolation {unknown}
 i - 2 scrolls of fear {unknown}
 j - a scroll of revelation {unknown}
 k - a scroll of fog {unknown}
 m - 4 scrolls of identify {unknown}
 o - 2 scrolls of teleportation {unknown}
 q - a scroll of acquirement {unknown}
 t - a scroll of torment {unknown}
 u - a scroll of summoning {unknown}
 x - a scroll of blinking {unknown}
 E - a scroll of amnesia {unknown}
Potions
 g - 3 potions of attraction
 p - a potion of brilliance {unknown}
 r - a potion of degeneration {unknown}
 v - a potion of resistance {unknown}
 w - 3 potions of mutation {unknown}
 z - a potion of invisibility {unknown}
 A - a potion of magic {unknown}
 B - a potion of might {@q3}
 D - a potion of berserk rage {unknown}


   Skills:
 - Level 5.0 Fighting
 - Level 1.7(4.9) Short Blades
 * Level 7.3(7.4) Long Blades
 - Level 1.7 Throwing
 - Level 0.8 Dodging
 + Level 6.7 Stealth


You had 5 spell levels left.
You knew the following spells:

 Your Spells              Type           Power      Damage    Failure   Level
b - Blink                 Tloc           0%         N/A       100%        2

Your spell library contained the following spells:

 Spells                   Type           Power      Damage    Failure   Level
 Apportation              Tloc           0%         N/A       99%         1
 Necrotise                Necr           0%         1d4       99%         1
 Sting                    Conj/Alch      0%         1d3       99%         1
 Summon Small Mammal      Summ           0%         N/A       99%         1
 Call Imp                 Summ           0%         N/A       100%        2
 Lesser Beckoning         Tloc           0%         N/A       100%        2
 Mercury Vapours          Alch/Air       0%         N/A       100%        2
 Momentum Strike          Conj/Tloc      0%         3d8       100%        2
 Sublimation of Blood     Necr           0%         N/A       100%        2
 Olgreb's Toxic Radiance  Alch           0%         N/A       100%        4
 Passage of Golubria      Tloc           0%         N/A       100%        4
 Silence                  Hex/Air        0%         N/A       100%        5
 Summon Hydra             Summ           0%         N/A       100%        7
 Lehudib's Crystal Spear  Conj/Erth      0%         10d2      100%        8


Dungeon Overview and Level Annotations

Branches:
Dungeon (6/15)             Temple (1/1) D:6

Shops:
D:4 [!:?

Annotations:
D:5 2 transporters, noobster's ghost, amateur MiFi


Innate Abilities, Weirdness & Mutations

You have an increased reservoir of magic. (+10% MP)
You shall have no god before yourself.
Your divine heritage dramatically boosts your attributes as you level up.


Message History

* * * LOW HITPOINT WARNING * * *
You feel very sick.
The water moccasin bites you but does no damage.
Unknown command.
You hit the water moccasin.
The water moccasin is severely wounded.
* * * LOW HITPOINT WARNING * * *
You feel sick. The water moccasin bites you.
* * * LOW HITPOINT WARNING * * *
Aiming: Charm
Press: ? - help, Q - select action, (/) - cycle Shift-Dir - straight line, f - water moccasin
Aim: a water moccasin (severely wounded, chance to affect: 49%)
The water moccasin is charmed.
The now-empty wand crumbles to dust.
* * * LOW HITPOINT WARNING * * *
You feel sick. What are your orders? t - Shout!
Orders for allies: a - Attack new target. p - Attack previous target. r - Retreat! s - Stop attacking. g - Guard the area. f - Follow me.
Anything else - Cancel.
Retreat in which direction?
Press: ? - help, Dir - move target, f - you, p - water moccasin Fall back!
* * * LOW HITPOINT WARNING * * *
You feel sick.
* * * LOW HITPOINT WARNING * * *
You feel sick.
It was a potion of attraction.
You feel attractive to monsters.
* * * LOW HITPOINT WARNING * * *
You feel sick.
Unknown command.
There's something in the way.
You swing at nothing.
You swing at nothing.
* * * LOW HITPOINT WARNING * * *
You feel sick.
You swing at nothing.
You die...

### ####### #######@#######
#######
##.....###.S...........###.....##
#.......####.........####.......#
.........####.......####.........
..........# #.......# #..........
..........# ##.....## #..........
..........# ##.....## #..........
..........###...#...###..........
..............#####..............


You could see a friendly water moccasin (charmed, unaware, retreating).

Vanquished Creatures
  3 steam dragons
  2 ice beasts
  An ogre (D:5)
  2 phantoms
  A weeping skull (D:5)
  A bullfrog (D:6)
  2 scorpions
  A water moccasin zombie (D:4)
  A centaur zombie (D:4)
  A bombardier beetle (D:5)
  2 hounds (D:5)
  A sleepcap (D:5)
  3 scorpion zombies (D:4)
  2 orc wizards (D:6)
  An iguana (D:5)
  Terence (D:2)
  A hound zombie (D:4)
  A howler monkey skeleton (D:4)
  11 adders
  A white imp (D:5)
  2 adder zombies (D:4)
  An adder skeleton (D:4)
  2 dart slugs
  5 orcs
  7 bats
  8 endoplasms
  6 giant cockroaches
  2 goblins (D:4)
  10 hobgoblins
  4 kobolds
  2 quokkas (D:3)
  7 ball pythons
  4 frilled lizards
  A spectral orc (D:5)
100 creatures vanquished.

Vanquished Creatures (collateral kills)
  An orc priest (D:6)
1 creature vanquished.

Vanquished Creatures (others)
  2 black bears (D:4)
  A hound (D:4)
  An orc wizard (D:4)
  An adder (D:4)
  An orc (D:4)
  A ball python (D:4)
7 creatures vanquished.

Grand Total: 108 creatures vanquished

Notes
Turn   | Place    | Note
-------+----------+-------------------------------------------
     0 | D:1      | Dreamthief the Demigod Brigand began the quest for the Orb.
     0 | D:1      | Reached XP level 1. HP: 17/17 MP: 3/3
   239 | D:1      | Reached skill level 1 in Long Blades
   375 | D:1      | Reached XP level 2. HP: 24/24 MP: 4/4
   950 | D:2      | Reached XP level 3. HP: 29/29 MP: 5/5
   993 | D:2      | Noticed Terence
  1005 | D:2      | Killed Terence
  1006 | D:2      | Reached skill level 2 in Long Blades
  1250 | D:2      | Reached XP level 4. HP: 37/37 MP: 6/6
  1993 | D:4      | Noticed a phantom
  2120 | D:3      | Killed a phantom
  2121 | D:3      | Reached skill level 3 in Long Blades
  2121 | D:3      | Reached XP level 5. HP: 28/45 MP: 7/7
  2441 | D:4      | Reached skill level 4 in Long Blades
  2441 | D:4      | Reached XP level 6. HP: 26/51 MP: 8/8
  2670 | D:4      | Reached skill level 5 in Stealth
  2795 | D:4      | Found Colianne's Distillery.
  2821 | D:4      | Bought a potion of heal wounds for 65 gold pieces
  2821 | D:4      | Bought a potion of might for 52 gold pieces
  2821 | D:4      | Bought a potion of curing for 39 gold pieces
  2846 | D:4      | Found Wamutoff's Antique Armour Emporium.
  2982 | D:4      | Noticed a cacodemon
  2985 | D:4      | Noticed an orange demon
  2985 | D:4      | Noticed an orange demon
  3016 | D:4      | Found Zahucaun's Magic Scroll Boutique.
  3090 | D:4      | Found Ellipnucu's Book Boutique.
  3121 | D:5      | Entered Level 5 of the Dungeon
  3147 | D:5      | Reached XP level 7. HP: 37/58 MP: 9/9
  3250 | D:5      | Reached skill level 5 in Long Blades
  3326 | D:5      | Noticed a small abomination
  3333 | D:5      | Found a transporter.
  3468 | D:5      | Noticed noobster's ghost (amateur MiFi)
  3480 | D:5      | Found a transporter.
  3485 | D:5      | Noticed a small abomination
  4358 | D:5      | Learned a level 2 spell: Blink
  4367 | D:6      | Noticed a steam dragon
  4369 | D:6      | Noticed a steam dragon
  4468 | D:5      | Killed a steam dragon
  4469 | D:5      | Reached skill level 6 in Long Blades
  4620 | D:5      | Killed a steam dragon
  4621 | D:5      | Reached XP level 8. HP: 42/67 MP: 2/10
  4721 | D:6      | Reached skill level 5 in Fighting
  4786 | D:6      | Found a staircase to the Ecumenical Temple.
  4942 | D:6      | Reached skill level 7 in Long Blades
  4973 | Temple   | Entered the Ecumenical Temple
  4982 | Temple   | HP: 2/68 [poisoned by a water moccasin]
  4986 | Temple   | Succumbed to a water moccasin's poison

Illustrated notes

Levels and vault maps discovered:
D:1:      lemuel_arrival_cross, layout_basic, basic_ecumenical_altar,
          nicolae_eternal_life
D:2:      layout_rooms, corexii_corridor_pit, minmay_close_crescents,
          uniq_terence
D:3:      layout_rooms, nicolae_hepliaklqana_hazy_memory
D:4:      layout_rooms, makhleb_altar_promises_db, mainiacjoe_overflow_alcove_2,
          xom_confusion_cloud, serial_shops, nicolae_shop_crystal,
          nicolae_shop_hallway_stairs, nicolae_shop_behind_doors, shop,
          serial_undead, serial_undead_d, serial_undead_d, serial_undead_f,
          serial_undead_c
D:5:      layout_layer_cave, mainiacjoe_overflow_small_starburst,
          yredelemnul_forgotten_temple_becter, lemuel_doored_altar,
          mainiacjoe_overflow_boulevard, gammafunk_ghost_abyssal_escape
D:6:      layout_rooms, mainiacjoe_overflow_brackets, lemuel_crystal_altar,
          lemuel_crystal_altar, minmay_temple_entry_offerings, serial_rivers,
          chequers_serial_rivers_small_a, chequers_serial_rivers_micro_d,
          chequers_serial_rivers_small_a, chequers_serial_rivers_large_b,
          chequers_serial_rivers_room_b, chequers_serial_rivers_micro_d
Temple:   kb_temple_of_zot

Skill      XL: |  1  2  3  4  5  6  7  8 |
---------------+-------------------------+-----
Fighting       | 2 3 4 5 |  5.0
Long Blades    | 1 2 3 4 6 7 |  7.3
Stealth        | 4 5 6 |  6.7
Short Blades   | |  1.7
Throwing       | |  1.7
Dodging        | |  0.8

Action                     |  1- 3 |  4- 6 |  7- 9 || total
---------------------------+-------+-------+-------++-------
  Melee: Dagger            |    69 |       |       ||    69
         Short sword       |    39 |   282 |   180 ||   501
  Evoke: Wand              |       |     3 |     3 ||     6
    Use: Potion            |       |       |     4 ||     4
   Stab: Sleeping          |     8 |     2 |       ||    10
 Armour: Robe              |    52 |     9 |       ||    61
         Chain mail        |       |   332 |   176 ||   508
  Dodge: Dodged            |    57 |   111 |    52 ||   220

Table legend: (Time is in decaauts)
 A = Elapsed time spent in this place.
 B = Non-inter-level travel time spent in this place.
 C = Inter-level travel time spent in this place.
 D = Time resting spent in this place.
 E = Time spent auto-exploring this place.
 F = Levels seen in this place.
 G = Mean time per level.
                   A        B        C        D        E       F      G
               +--------+--------+--------+--------+--------+-----+--------+
         Total |   4899 |   4743 |    156 |    857 |   2906 |   7 |  699.9 |
       Dungeon |   4888 |   4732 |    156 |    857 |   2906 |   6 |  814.7 |
        Temple |     10 |     10 |      0 |      0 |      0 |   1 |   10.0 |
               +--------+--------+--------+--------+--------+-----+--------+

Top non-repeatable levels by time:
     D:5: 1537 daAuts
     D:1: 908 daAuts
     D:4: 817 daAuts
     D:3: 810 daAuts
     D:2: 537 daAuts
     D:6: 276 daAuts
  Temple: 10 daAuts
